 Dungeon Crawl Stone Soup version 0.10.4 character file.

139 OrDronus the Firebug (level 3, 19/19 HPs)
             Began as a Deep Elf Fire Elementalist on Dec 11, 2016.
             Quit the game on Level 3 of the Dungeon on May 21, 2022.
             The game lasted 00:14:26 (1747 turns).

OrDronus the Firebug (Deep Elf Fire Elementalist)   Turns: 1747, Time: 00:14:26

HP  19/19        AC  2     Str  5      XL: 3   Next: 98%
MP   4/10        EV 13     Int 20      God:
Gold 73          SH  0     Dex 15      Spells:  2 memorised,  5 levels left

Res.Fire  : . . .   See Invis. : .   e - +2,+1 dagger (elec)
Res.Cold  : . . .   Warding    : . . a - +0 elf robe
Life Prot.: . . .   Conserve   : .   (no shield)
Res.Acid. : . . .   Res.Corr.  : .   (no helmet)
Res.Poison: .       Clarity    : .   (no cloak)
Res.Elec. : .       Spirit.Shd : .   (no gloves)
Sust.Abil.: . .     Stasis     : .   (no boots)
Res.Mut.  : .       Ctrl.Telep.: .   (no amulet)
Res.Rott. : .       Levitation : .   (no ring)
Saprovore : . . .   Ctrl.Flight: .   (no ring)

@: slightly resistant to hostile enchantments, stealthy
A: no striking features
a: no special abilities


You were on level 3 of the Dungeon.
You were very hungry.

You visited 1 branch of the dungeon, and saw 3 of its levels.

You collected 53 gold pieces.

Inventory:

Hand weapons
 e - a +2,+1 dagger of electrocution (weapon)
 i - a +0,+0 short sword
Armour
 a - a +0 elven robe (worn)
 f - a +0 storm dragon armour
Comestibles
 c - 3 bread rations
Scrolls
 d - 2 scrolls of identify {unknown}
 g - a scroll of curse weapon {unknown}
 h - 2 scrolls of recharging {unknown}
 k - a scroll of blinking {unknown}
 m - 3 scrolls of teleportation {unknown}
 n - a scroll of magic mapping {unknown}
Potions
 j - 2 potions of degeneration {unknown}
 l - a potion of invisibility {unknown}
Books
 b - a book of Flames

   Spells                             Type                      Level
   *Flame Tongue                      Conjuration/Fire             1
   *Throw Flame                       Conjuration/Fire             2
   Conjure Flame                      Conjuration/Fire             3
   Inner Flame                        Hexes/Fire                   3
   Sticky Flame                       Conjuration/Fire             4
   Fireball                           Conjuration/Fire             5


   Skills:
 * Level 2.9 Dodging
 + Level 3.0 Stealth
 + Level 1.1 Traps & Doors
 + Level 3.3 Spellcasting
 + Level 2.4 Conjurations
 + Level 4.8 Fire Magic


You had 5 spell levels left.
You knew the following spells:

 Your Spells              Type           Power        Failure   Level  Hunger
a - Flame Tongue          Fire/Conj      ####..       3%          1    None
b - Throw Flame           Fire/Conj      ####...      6%          2    Strawberry

Dungeon Overview and Level Annotations

Branches:
Dungeon (3/27)

Altars:
Okawaru

Annotations
D:3 exclusion: centaur, Crazy Yiuf


Message History

Press: ? - help, Shift-Dir - straight line, f - bat
Aim: a bat The flame hits the bat.
The bat is almost dead.
The bat hits you but does no damage.
Casting: Flame Tongue
Confirm with . or Enter, or press ? or * to list all spells.
Aiming: Flame Tongue
Press: ? - help, Shift-Dir - straight line, f/p - bat
Aim: a bat (almost dead)
The flame misses the bat.
The bat barely misses you. The bat hits you but does no damage.
Casting: Flame Tongue
Confirm with . or Enter, or press ? or * to list all spells.
Aiming: Flame Tongue
Press: ? - help, Shift-Dir - straight line, f/p - bat
Aim: a bat (almost dead)
The flame hits the bat.
You kill the bat!
Are you sure you want to quit without saving? (Confirm with "yes".)

.###### .....####+
## #.......# b.##
#.......# ....# +
+....%.%#.....#
#.##.....@?......#
#...%......##...##
####.#'###### ##
.. #.#......#
....####.#.######
...........#
...........#
...........#
########...#


There were no monsters in sight!

Vanquished Creatures
  An adder (D:3)
  An adder skeleton (D:3)
  A giant gecko (D:1)
  An orc (D:3)
  9 bats
  5 hobgoblins
  A ball python (D:1)
  2 giant cockroaches (D:1)
  2 giant newts (D:1)
  6 goblins
  7 jackals
  7 kobolds
  2 rats (D:1)
  A toadstool (D:1)
46 creatures vanquished.

Vanquished Creatures (others)
  A toadstool (D:1)
1 creature vanquished.

Grand Total: 47 creatures vanquished

Notes
Turn   | Place    | Note
--------------------------------------------------------------
     0 | D:1      | OrDronus, the Deep Elf Fire Elementalist, began the quest for the Orb.
     0 | D:1      | Reached XP level 1. HP: 10/10 MP: 4/4
   194 | D:1      | Reached XP level 2. HP: 12/15 MP: 1/6
   221 | D:1      | Learned a level 2 spell: Throw Flame
   509 | D:1      | Reached skill level 4 in Fire Magic
   987 | D:1      | Reached XP level 3. HP: 19/19 MP: 6/9
  1431 | D:2      | Found an iron altar of Okawaru.
  1637 | D:3      | Reached skill level 1 in Traps & Doors
  1656 | D:3      | Noticed Crazy Yiuf
  1747 | D:3      | Quit the game
